Map: Catalyst LE

Players

Lambo - Winner!

  • Race: Zerg Zerg
  • Spawn Location: 5:00

Light

  • Race: Protoss Protoss
  • Spawn Location: 11:00

Event: IEM Season 12 - Katowice

VOD

Have the link to the VOD?

Description

Time

  • Played on: Feb. 27, 2018, 5:54 a.m.
  • Length: 6:45

All games in this series

Show
View Real Time Build Order
Export as new Build Order

Lambo Zerg - Winner!

Build Orders: Hatch First 

Get SALT Encoding   

  12  0:00  Drone  
  13  0:12  Overlord  
  13  0:17  Drone  
  14  0:30  Drone x2  
  16  0:48  Hatchery  
  15  0:51  Drone  
  15  0:55  Drone  
  17  0:59  Drone  
  18  1:08  Extractor  
  17  1:14  Spawning Pool  
  17  1:17  Drone  
  17  1:20  Drone  
  18  1:28  Drone  
  19  1:38  Drone  
  20  1:49  Overlord  
  20  2:00  Queen  
  20  2:01  Queen  
  24  2:02  Drone x2  
  26  2:12  Metabolic Boost  
  26  2:13  Drone, Zergling x2  
  28  2:22  Drone  
  29  2:24  Drone  
  30  2:33  Zergling x2  
  30  2:36  Hatchery  
  30  2:39  Drone  
  30  2:43  Overlord  
  31  2:47  Drone  
  32  2:52  Queen  
  32  2:55  Drone  
  32  2:57  Drone  
  36  3:05  Drone x2  
  38  3:09  Drone x2  
  38  3:11  Overlord  
  40  3:13  Drone  
  40  3:15  Drone  
  40  3:17  Drone  
  43  3:20  Drone  
  44  3:28  Spore Crawler, Drone  
  44  3:29  Queen  
  44  3:32  Drone  
  47  3:35  Drone  
  47  3:39  Overlord  
  47  3:40  Drone x2  
  47  3:41  Drone  
  51  3:45  Overlord  
  51  3:50  Spore Crawler  
  48  3:55  Overlord  
  48  3:57  Zergling x2  
  48  3:59  Lair  
  48  4:02  Drone x3  
  52  4:05  Drone  
  52  4:07  Drone x2  
  55  4:12  Extractor  
  55  4:14  Extractor  
  55  4:16  Roach Warren  
  52  4:18  Drone x2  
  52  4:22  Overlord  
  52  4:23  Drone x2  
  56  4:30  Overlord  
  56  4:35  Drone x2  
  58  4:39  Queen  
  58  4:41  Drone  
  58  4:42  Drone x5  
  58  4:43  Extractor  
  65  4:45  Overlord  
  65  4:56  Overlord  
  65  4:57  Glial Reconstitution  
  65  4:58  Overlord  
  65  5:03  Overseer  
  65  5:06  Roach x4  
  73  5:07  Overlord  
  73  5:14  Roach x2  
  73  5:15  Roach x2  
  73  5:18  Overlord  
  81  5:22  Roach x4  
  81  5:24  Overlord  
  81  5:27  Roach x2  
  93  5:30  Overlord  
  93  5:33  Roach x2  
  93  5:35  Overlord  
  97  5:39  Roach x2  
  101  5:43  Roach x2  
  101  5:48  Overlord  
  101  5:49  Roach x2  
  109  5:51  Roach  
  109  5:53  Roach  
  109  5:57  Roach x2  
  117  5:59  Roach  
  117  6:01  Ravager  
  121  6:04  Zergling x8  
  121  6:06  Zergling x4  
  121  6:08  Ravager  
  121  6:10  Zergling x4  
  129  6:14  Ravager  
  129  6:16  Roach  
  132  6:20  Overlord  
  132  6:21  Roach x3  
  132  6:22  Zergling x2  
  138  6:27  Zergling x8  
  138  6:28  Zergling x2  
Show
View Real Time Build Order
Export as new Build Order

Light Protoss 

Build Orders: 1 Gate Expand, Oracle Opening, Phoenix Opening 

Get SALT Encoding   

  12  0:00  Probe  
  13  0:12  Probe  
  14  0:20  Pylon  
  14  0:24  Probe  
  15  0:38  Probe (Chrono Boost)  
  16  0:44  Gateway  
  16  0:48  Probe (Chrono Boost)  
  17  0:52  Assimilator  
  17  0:53  Probe (Chrono Boost)  
  18  1:04  Probe  
  19  1:16  Probe  
  20  1:28  Nexus  
  20  1:31  Probe  
  21  1:41  Cybernetics Core  
  21  1:45  Probe  
  22  1:52  Pylon  
  22  1:57  Assimilator  
  22  2:00  Probe  
  23  2:12  Probe  
  24  2:21  Adept (Chrono Boost)  
  26  2:24  Probe  
  26  2:25  Stargate  
  27  2:30  Warp Gate  
  27  2:36  Probe  
  28  2:39  Adept  
  28  2:40  Probe  
  31  2:48  Probe  
  32  2:52  Probe  
  33  3:00  Probe  
  33  3:03  Robotics Facility  
  33  3:04  Probe  
  35  3:11  Phoenix (Chrono Boost)  
  35  3:12  Probe  
  38  3:16  Probe  
  39  3:22  Pylon  
  40  3:28  Probe (Chrono Boost)  
  40  3:29  Probe (Chrono Boost)  
  41  3:38  Probe (Chrono Boost), Oracle  
  41  3:40  Probe (Chrono Boost)  
  46  3:43  Probe (Chrono Boost)  
  46  3:47  Assimilator  
  47  3:49  Probe, Pylon  
  47  3:55  Probe  
  49  4:01  Probe, Observer, Assimilator  
  51  4:07  Probe  
  52  4:16  Nexus  
  52  4:17  Pylon  
  52  4:21  Probe  
  52  4:24  Probe  
  54  4:28  Robotics Bay  
  54  4:33  Probe  
  54  4:35  Adept  
  58  4:40  Gateway  
  58  4:42  Gateway  
  58  4:45  Pylon  
  57  4:46  Probe (Chrono Boost)  
  57  4:47  Probe (Chrono Boost)  
  57  4:52  Pylon  
  59  4:58  Probe (Chrono Boost)  
  60  5:03  Probe (Chrono Boost)  
  60  5:05  Probe (Chrono Boost)  
  62  5:07  Twilight Council  
  62  5:08  Probe (Chrono Boost)  
  63  5:15  Probe  
  63  5:16  Disruptor  
  63  5:19  Stalker  
  70  5:21  Probe (Chrono Boost)  
  70  5:27  Probe (Chrono Boost)  
  72  5:33  Probe (Chrono Boost)  
  72  5:34  Probe (Chrono Boost)  
  73  5:38  Probe (Chrono Boost)  
  73  5:40  Stalker x2  
  79  5:43  Probe (Chrono Boost), Robotics Facility  
  79  5:44  Robotics Facility  
  79  5:49  Probe  
  80  5:50  Probe  
  80  5:54  Probe  
  82  5:58  Disruptor  
  82  6:01  Probe  
  82  6:02  Probe  
  87  6:04  Stalker x2  
  87  6:09  Pylon x2  
  91  6:11  Assimilator  
  91  6:14  Assimilator  
  91  6:18  Stalker  
  93  6:30  Stalker x2  

Tags
 
Add a new tag
Caveats
  • Supply blocks, unpowered buildings, or Contaminate may cause inaccurate times.
  • Supply counts are checked every 10 seconds.